 Dungeon Crawl Stone Soup version 0.28.0-53-g5a82cb258f (webtiles) character file.

Game seed: 7741539381234676789

71 hikkokomori the Gusty (level 4, -3/22 (24) HPs)
             Began as a Tengu Air Elementalist on Nov 19, 2022.
             Slain by an orc
             ... wielding a +0 war axe
              (10 damage)
             ... on level 3 of the Dungeon.
             The game lasted 00:03:13 (2064 turns).

hikkokomori the Gusty (Tengu Air Elementalist)      Turns: 2064, Time: 00:03:13

HP:   -3/22 (24)    AC:  3    Str:  9    XL:     4   Next: 24%
MP:   9/9           EV: 12    Int: 15    God:
Gold: 80            SH:  0    Dex: 16    Spells: 7/8 levels left

rFire   + . .      SeeInvis .   f - +2 long sword of the Sugar Beet {drain, rF+ Will+}
rCold   . . .      Faith    .   (no shield)
rNeg    . . .      Spirit   .   a - +0 robe
rPois   .          Reflect  .   d - +0 hat
rElec   .          Harm     .   (no cloak)
rCorr   .          Rampage  .   e - +0 pair of gloves
Will    +....                   (boots unavailable)
Stlth   ++........              (no amulet)
HPRegen 0.07/turn               (no ring)
MPRegen 0.11/turn               (no ring)

@: drained
A: beak, talons 3
a: no special abilities


You were on level 3 of the Dungeon.
You visited 1 branch of the dungeon, and saw 3 of its levels.

You collected 80 gold pieces.

Inventory:

Hand Weapons
 c - a +0 hand axe
 f - the +2 long sword of the Sugar Beet (weapon) {drain, rF+ Will+}
   (You found it on level 2 of the Dungeon)

   A truly terrible weapon, it drains the life of any living foe it strikes.
   rF:        It protects you from fire.
   Will:      It increases your willpower.
Armour
 a - a +0 robe (worn)
 d - a +0 hat (worn)
 e - a +0 pair of gloves (worn)
Scrolls
 g - 2 scrolls of amnesia {unknown}
 h - 2 scrolls of teleportation {unknown}
 i - a scroll of holy word {unknown}
 j - a scroll of enchant weapon {unknown}
 k - a scroll of identify {unknown}
Potions
 b - 3 potions of degeneration {unknown}


   Skills:
 - Level 2.2 Dodging
 - Level 2.0 Stealth
 + Level 2.8 Spellcasting
 + Level 3.1 Conjurations
 + Level 5.0 Air Magic


You had 7 spell levels left.
You knew the following spells:

 Your Spells              Type           Power      Damage    Failure   Level
a - Shock                 Conj/Air       56%        1d6       3%          1

Your spell library contained the following spells:

 Spells                   Type           Power      Damage    Failure   Level
 Static Discharge         Conj/Air       14%        N/A       6%          2
 Swiftness                Air            17%        N/A       8%          3
 Airstrike                Air            8%         N/A       26%         4
 Blink                    Tloc           4%         N/A       30%         2
 Lesser Beckoning         Tloc           2%         N/A       52%         3
 Manifold Assault         Tloc           2%         N/A       99%         5
 Storm Form               Tmut/Air       4%         N/A       100%        7


Dungeon Overview and Level Annotations

Branches:
Dungeon (3/15)

Altars:

Shops:
D:1 [


Innate Abilities, Weirdness & Mutations

You have a beak for a mouth.
You have claws for feet.


Message History

You hit the kobold.
You kill the kobold!
No target in view!
Magic restored.
HP restored.
You see here a +0 short sword.
An orc comes into view. It is wielding a +0 whip.
An orc is nearby!
An orc is nearby!
A bat comes into view. 2 orcs come into view.
An orc is wielding a +0 flail of draining.
The orc shouts! x3
A kobold comes into view. It is wielding a +0 short sword.
You barely miss the orc. The bat misses you. The orc hits you with a +0 whip.
The kobold shouts!
You slash the orc!
You kill the orc!
The bat hits you but does no damage. x2
Unknown command.
You hit the bat. You drain the bat.
You kill the bat!
You see here a bat corpse.
You closely miss the orc. You claw the orc.
The orc is heavily wounded.
The orc barely misses you. The kobold hits you but does no damage.
You slash the kobold!
You kill the kobold!
The orc barely misses you. The orc hits you with a +0 war axe!
You barely miss the orc. Your kick misses the orc. You peck the orc.
The orc is heavily wounded.
The orc hits you with a +0 flail of draining.
You feel drained. The orc barely misses you. The orc closely misses you.
You closely miss the orc. Your kick misses the orc.
The orc is heavily wounded.
The orc barely misses you. x2
You slash the orc!
You kill the orc!
The orc hits you with a +0 war axe!
You die...

#.##.##.#
#.......#
#######.# ###.##
##....# #....##
######..#.#
#....)..#.#
#@).....###
###o##.##.#
#...##.......#
#......)##########
.........
..#####... . ##..#
... ...#


You could see an orc.

Vanquished Creatures
  Natasha (D:3)
  2 worms (D:2)
  2 orcs (D:3)
  2 ball pythons (D:1)
  5 bats
  4 endoplasms
  3 giant cockroaches
  A hobgoblin (D:2)
  6 jackals
  2 kobolds (D:3)
  2 frilled lizards (D:1)
  4 goblins
  3 rats (D:1)
37 creatures vanquished.

Notes
Turn   | Place    | Note
-------+----------+-------------------------------------------
     0 | D:1      | hikkokomori the Tengu Air Elementalist began the quest for
                  | the Orb.
     0 | D:1      | Reached XP level 1. HP: 10/10 MP: 4/4
     1 | D:1      | Noticed an electric eel
   152 | D:1      | Reached XP level 2. HP: 12/15 MP: 1/6
   297 | D:1      | Found Xyca Kes's Armour Shoppe.
   430 | D:1      | Found a faded altar of an unknown god.
  1210 | D:2      | Identified the +2 long sword of the Sugar Beet {drain, rF+
                  | Will+}
  1294 | D:2      | Reached XP level 3. HP: 15/19 MP: 7/7
  1993 | D:3      | Noticed Natasha
  1998 | D:3      | Killed Natasha
  1999 | D:3      | Reached skill level 5 in Air Magic
  1999 | D:3      | Reached XP level 4. HP: 20/24 MP: 7/9
  2064 | D:3      | Slain by an orc

Illustrated notes

Levels and vault maps discovered:
D:1:      arrival_aquarium_a, layout_basic, serial_shops, nicolae_shop_stone,
          ebering_ecumenical_altar_abandoned
D:2:      layout_basic, st_stairs_5
D:3:      layout_basic, overflow_temple_1_default, kennysheep_jessica_study,
          uniq_sigmund, uniq_robin, uniq_natasha

Skill      XL: |  1  2  3 |
---------------+----------+-----
Conjurations   | 2 3 |  3.1
Air Magic      | 5 |  5.0
Dodging        | |  2.2
Stealth        | |  2.0
Spellcasting   | |  2.8

Action                   |  1- 3 |  4- 6 || total
-------------------------+-------+-------++-------
Melee: Unarmed           |     4 |       ||     4
       Peck              |     2 |     1 ||     3
       Kick              |     8 |     1 ||     9
       Long sword        |    26 |     9 ||    35
       Hand axe          |     1 |       ||     1
       Punch             |     1 |       ||     1
 Cast: Shock             |    33 |       ||    33
Armor: Robe              |     3 |     4 ||     7
Dodge: Dodged            |    29 |     7 ||    36
